 Dungeon Crawl Stone Soup version 0.30-a0-702-gdf48620a09 (webtiles) character file.

Game seed: 6329067413247636297

34 OTABOTABOTAB the Trooper (level 3, -1/33 HPs)
             Began as a Hill Orc Fighter on Jan 22, 2023.
             Slain by an orc
             ... wielding a +0 club
              (4 damage)
             ... on level 2 of the Dungeon.
             The game lasted 00:02:49 (1049 turns).

OTABOTABOTAB the Trooper (Hill Orc Fighter)         Turns: 1049, Time: 00:02:50

Health: -1/33      AC:  9    Str: 20    XL:     3   Next: 31%
Magic:  3/3        EV:  7    Int:  8    God:
Gold:   45         SH:  0    Dex: 10    Spells: 2/2 levels left

rFire   . . .      SeeInvis .    a - +0 war axe
rCold   . . .      Faith    .    g - orb {*Rage}
rNeg    . . .      Spirit   .    h - +0 chain mail
rPois   .          Reflect  .    (no helmet)
rElec   .          Harm     .    (no cloak)
rCorr   .          Rampage  .    (no gloves)
Will    .....      Rage     20%  (no boots) Stlth
                                 (no amulet)
HPRegen 0.25/turn                (no ring)
MPRegen 0.08/turn                (no ring)

@: on berserk cooldown, slowed, studying Fighting, very slow
A: no striking features
a: no special abilities


You were on level 2 of the Dungeon.
You visited 1 branch of the dungeon, and saw 2 of its levels.

You collected 45 gold pieces.

Inventory:

Hand Weapons
 a - a +0 war axe (weapon)
Missiles
 s - 7 stones
Armour
 c - a +0 buckler
 g - an orb of wrath (worn)
   (You found it on level 1 of the Dungeon)
 h - a +0 chain mail (worn)
   (You found it on level 1 of the Dungeon)
Potions
 e - a potion of cancellation {unknown}
 M - a potion of might


   Skills:
 + Level 4.1 Fighting
 * Level 3.7 Axes
 + Level 3.6 Armour
 + Level 3.6 Shields


You had 2 spell levels left.
You didn't know any spells.
Your spell library contained the following spells:

 Spells                   Type           Power      Damage    Failure   Level
 Frozen Ramparts          Ice            0%         1d1       100%        3
 Ice Form                 Ice/Tmut       0%         N/A       100%        4
 Summon Ice Beast         Ice/Summ       0%         N/A       100%        4


Dungeon Overview and Level Annotations

Branches:
Dungeon (2/15)

Altars:

Shops:
D:1 (


Message History

You hit the endoplasm.
You kill the endoplasm!
You barely miss the frilled lizard.
The frilled lizard bites you but does no damage.
You closely miss the frilled lizard. The frilled lizard bites you.
The frilled lizard bites you but does no damage.
You take 1 damage, and have 31/33 hp.
Unknown command.
A red film seems to cover your vision as you go berserk!
You feel yourself moving faster!
You feel mighty!
You barely miss the frilled lizard. The frilled lizard barely misses you.
You now have 47/49 hp.
You hit the frilled lizard.
You kill the frilled lizard!
No target in view!
No target in view!
Calm down first, please.
Unknown command.
You start resting.
You feel a strong urge to attack something.
Unknown command.
You start resting.
You feel your anger nearly subside.
You are no longer berserk.
You are exhausted.
You feel yourself slow down.
You now have 32/33 hp.
You start resting.
Health restored: 33 Unknown command.
b - a scroll labelled YRAFATHUOG
As you read the scroll labelled YRAFATHUOG, it crumbles to dust.
You hear a loud clanging noise!
It was a scroll of noise.
You hear a shout!
You hear a bark!
You hear a shout! x2; You hear a bark! x2
You hear a shout! x9; You hear a bark!
You hear a shout! x3
You hear an angry hiss.
You hear a shout! x4
b - a scroll labelled DUNTUG OSIE
As you read the scroll labelled DUNTUG OSIE, it crumbles to dust.
You assume a fearsome visage.
Nothing appears to happen.
It was a scroll of fear.
Unknown command.
An orc and a hobgoblin come into view.
The orc is wielding a +0 short sword and quivering poisoned darts.
The orc shouts!
The hobgoblin shouts!
You see here a frilled lizard corpse.
There are monsters nearby!
An orc comes into view. It is wielding a +0 short sword.
The orc shouts!
An orc comes into view. It is wielding a +0 short sword.
The orc throws a poisoned dart.
The poisoned dart barely misses you.
An orc comes into view. It is wielding a +0 morningstar.
You slash the orc!
You kill the orc!
You hit the hobgoblin. The hobgoblin hits you.
The hobgoblin hits you but does no damage.
You take 4 damage, and have 29/33 hp.
Unknown command.
You hit the hobgoblin but do no damage. The hobgoblin completely misses you.
The orc hits you with a +0 short sword.
The hobgoblin hits you but does no damage.
You take 5 damage, and have 24/33 hp.
You slash the hobgoblin!
You kill the hobgoblin!
You hit the orc. The orc hits you with a +0 short sword.
The orc hits you but does no damage. x2
You take 3 damage, and have 21/33 hp.
You hit the orc.
You kill the orc!
You hit the orc but do no damage. You hit the orc.
The orc hits you but does no damage. The orc barely misses you.
The orc closely misses you. The orc hits you with a +0 morningstar.
You take 2 damage, and have 19/33 hp.
Unknown command.
You are too injured to fight recklessly!
You are too injured to fight recklessly!
Unknown command.
You barely miss the orc. You slash the orc!
The orc hits you but does no damage. The orc hits you with a +0 morningstar!
The orc hits you but does no damage. The orc hits you with a +0 morningstar.
* * * LOW HITPOINT WARNING * * *
You take 10 damage, and have 9/33 hp.
MASSIVE DAMAGE!!
You hit the orc but do no damage. You hit the orc.
You kill the orc!
The orc hits you but does no damage.
An orc comes into view. It is wielding a +0 club.
The orc barely misses you.
The orc shouts!
You hear a shout!
The orc hits you but does no damage.
Things that are here:
a +0 short sword; a +0 ring mail; an orc corpse You barely miss the orc.
The orc hits you with a +0 morningstar.
* * * LOW HITPOINT WARNING * * *
The orc closely misses you.
A goblin comes into view. It is wielding a +0 dagger.
You take 5 damage, and have 5/33 hp.
You barely miss the orc. The orc hits you with a +0 morningstar.
* * * LOW HITPOINT WARNING * * *
The orc barely misses you. The orc hits you with a +0 club.
You die...

.### # ...## #. .... .
#. #..### .g##.. #....#
......#####....#
..~..~o...#....+
.~.~...@).#....####.
.......o..#.#.#......
.......##.†.#...#######
................#......
....$...........#......
................#......
.................## .
#.................#####.
#.##.....#...##.......


You could see 2 orcs and a goblin.

Vanquished Creatures
  2 dart slugs (D:1)
  3 orcs (D:2)
  2 bats
  5 endoplasms
  3 hobgoblins
  3 jackals (D:1)
  2 ball pythons
  2 frilled lizards
  A kobold (D:1)
  A rat (D:1)
24 creatures vanquished.

Notes
Turn   | Place    | Note
-------+----------+-------------------------------------------
     0 | D:1      | OTABOTABOTAB the Hill Orc Fighter began the quest for the
                  | Orb.
     0 | D:1      | Reached XP level 1. HP: 19/19 MP: 1/1
    62 | D:1      | Found Ohajy's Weapon Shop.
    77 | D:1      | Reached skill level 3 in Axes
   170 | D:1      | Reached XP level 2. HP: 23/27 MP: 2/2
   799 | D:1      | Identified a scroll of acquirement
   799 | D:1      | Acquired a manual of Fighting
   857 | D:2      | Reached XP level 3. HP: 33/33 MP: 3/3
  1012 | D:2      | Reached skill level 4 in Fighting
  1048 | D:2      | HP: 5/33 [orc/+0 morningstar (6)]
  1049 | D:2      | Slain by an orc

Illustrated notes

Levels and vault maps discovered:
D:1:      evilmike_arrival_plus, layout_basic, serial_shops,
          nicolae_shop_crystal
D:2:      layout_basic, serial_shops, shop_fountains,
          chequers_serial_rivers_micro_c, amcnicky_mini_rare_corridor_liquid,
          uniq_robin

Skill      XL: |  1  2  3 |
---------------+----------+-----
Axes           | 3 |  3.7
Fighting       | 4 |  4.1
Armour         | |  3.6
Shields        | |  3.6

Action                   || total
-------------------------++-------
Melee: War axe           ||    63
Throw: Stone             ||     2
  Use: Scroll            ||     4
Armor: Scale mail        ||    24
       Chain mail        ||    14
Dodge: Dodged            ||    38
Block: Buckler           ||    10

Table legend: (Time is in decaauts)
 A = Elapsed time spent in this place.
 B = Non-inter-level travel time spent in this place.
 C = Inter-level travel time spent in this place.
 D = Time resting spent in this place.
 E = Time spent auto-exploring this place.
 F = Levels seen in this place.
 G = Mean time per level.
                   A        B        C        D        E       F      G
               +--------+--------+--------+--------+--------+-----+--------+
         Total |   1094 |   1051 |     43 |    158 |    684 |   2 |  547.0 |
       Dungeon |   1094 |   1051 |     43 |    158 |    684 |   2 |  547.0 |
               +--------+--------+--------+--------+--------+-----+--------+

Top non-repeatable levels by time:
     D:1: 841 daAuts
     D:2: 253 daAuts

Table legend:
 A = Kills in this place as a percentage of kills in entire the game.
 B = Kills by you in this place as a percentage of kills by you in the entire game.
 C = Kills by friends in this place as a percentage of kills by friends in the entire game.
 D = Other kills in this place as a percentage of other kills in the entire game.
 E = Experience gained in this place as a percentage of experience gained in the entire game.
 F = Experience gained in this place divided by the number of levels of this place that you have seen.
                   A       B       C       D       E      F
               +-------+-------+-------+-------+-------+----------------------
         Total | 100.0 | 100.0 |   N/A |   N/A | 100.0 |  24.5
       Dungeon | 100.0 | 100.0 |   N/A |   N/A | 100.0 |  24.5
               +-------+-------+-------+-------+-------+----------------------
